 Dungeon Crawl Stone Soup version 0.31-a0-265-gcf7e37af1d (webtiles) character file.

Game seed: 7512582068647211084

153 qw the Shooter (level 5, -6/45 HPs)
             Began as a Minotaur Hexslinger on July 13, 2023.
             Mangled by Sigmund
             ... wielding a +0 scythe
              (10 damage)
             ... on level 2 of the Dungeon.
             The game lasted 00:00:43 (1063 turns).

qw the Shooter (Minotaur Hexslinger)                Turns: 1063, Time: 00:00:43

Health: -6/45      AC:  3    Str: 18    XL:     5   Next: 12%
Magic:  5/5        EV: 12    Int: 10    God:
Gold:   5          SH:  0    Dex: 15    Spells: 5/6 levels left

rFire   . . .        f - +0 shortbow
rCold   . . .        (shield currently unavailable)
rNeg    . . .        j - +0 leather armour
rPois   .            (helmet restricted)
rElec   .            (no cloak)
rCorr   .            (no gloves)
SInv    .            (no boots)
Will    .....        (no amulet)
Stlth   +            e - +6 ring of strength
HPRegen 0.27/turn    (no ring)
MPRegen 0.09/turn

%: no passive effects
@: no status effects
A: horns 2, retaliatory headbutt
a: no special abilities


You were on level 2 of the Dungeon.
You visited 1 branch of the dungeon, and saw 2 of its levels.

You collected 80 gold pieces.
You spent 75 gold pieces at shops.


Innate Abilities, Weirdness & Mutations

You have a pair of horns on your head.
You reflexively headbutt those who attack you in melee.


   Skills:
 - Level 3.5 Fighting
 + Level 5.0 Ranged Weapons
 - Level 2.1 Dodging
 - Level 1.0 Spellcasting
 - Level 2.0 Hexes


You had 5 spell levels left.
You knew the following spells:

 Your Spells              Type           Power      Damage    Failure   Level
a - Slow                  Hex            16%        N/A       19%         1

Your spell library contained the following spells:

 Spells                   Type           Power      Damage    Failure   Level
 Inner Flame              Hex/Fire       2%         N/A       63%         3
 Portal Projectile        Hex/Tloc       4%         N/A       63%         3
 Cause Fear               Hex            2%         N/A       87%         4

Inventory:

Hand Weapons
 f - a +0 shortbow (weapon)
Armour
 b - a +0 ring mail
 j - a +0 leather armour (worn)
Jewellery
 e - a +6 ring of strength (left hand)
Scrolls
 a - 2 scrolls of identify
Potions
 c - a potion of resistance {unknown}
 d - a potion of enlightenment {unknown}
 g - 2 potions of curing
 h - a potion of might
 i - a potion of lignification {unknown}

Dungeon Overview and Level Annotations

Branches:
Dungeon (2/15)

Altars:

Shops:
D:2 (

Annotations:
D:2 Sigmund


Message History

Sigmund casts a spell.
Sigmund flickers and vanishes!
Deactivating autopickup; reactivate with Ctrl-A.
You shoot an arrow.
The arrow barely misses the ball python.
Something hits you!
You shoot an arrow.
The arrow barely misses the ball python.
The ball python barely misses you. The ball python grabs you.
The ball python constricts you.
A magic dart appears from out of thin air!
The magic dart hits you.
You shoot an arrow. The arrow hits the ball python.
You kill the ball python!
Something hits you but does no damage.
You shoot an arrow. You shoot an arrow. Something hits you.
You shoot an arrow. Something barely misses you.
You shoot an arrow. Something hits you but does no damage.
You shoot an arrow. Something hits you.
You shoot an arrow. Something hits you.
You shoot an arrow. You shoot an arrow. Something hits you!
You shoot an arrow. Something hits you.
An adder comes into view.
You shoot an arrow. The arrow barely misses the adder.
The adder hisses angrily.
Something hits you but does no damage.
You shoot an arrow. The arrow barely misses the adder.
You shoot an arrow. The arrow hits the adder.
The adder is moderately wounded.
Something hits you!
You die...

### #..[...##.....# ..
#.<............ #####.#
#....)#.#.....# .......
#.....#.#......
.......###.....#.####...
.............###.. ....
........###### ### #..#
......8.8## ...
.......@$.# .
......8.8{.....
...............
...............
#####S#........
#.#........ ...........
............


You could see an adder.

Vanquished Creatures
  Natasha (twice) (D:2)
  Robin (D:2)
  A gnoll (D:1)
  A worm (D:2)
  2 dart slugs (D:2)
  5 ball pythons
  5 bats
  7 endoplasms
  3 giant cockroaches (D:1)
  10 goblins
  7 hobgoblins
  5 jackals
  2 kobolds (D:1)
  6 quokkas
  3 frilled lizards
  4 rats (D:1)
64 creatures vanquished.

Notes
Turn   | Place    | Note
-------+----------+-------------------------------------------
     0 | D:1      | qw the Minotaur Hexslinger began the quest for the Orb.
     0 | D:1      | Reached XP level 1. HP: 16/16 MP: 1/1
     0 | D:1      | 0 ||| qw: Version: 0.3-a-52-g30416fa
     0 | D:1      | 0 ||| qw: Game counter: 7617
     0 | D:1      | 0 ||| qw: Melee chars always use a shield: true
     0 | D:1      | 0 ||| qw: God list: Okawaru
     0 | D:1      | 0 ||| qw: Allow faded altars: false
     0 | D:1      | 0 ||| qw: Do Orc after clearing Dungeon:15 true
     0 | D:1      | 0 ||| qw: Do second Lair branch before Depths: true
     0 | D:1      | 0 ||| qw: Lair rune preference: random
     0 | D:1      | 0 ||| qw: Goals: Normal
     0 | D:1      | 0 ||| PLANNING D:1-11
    92 | D:1      | Reached skill level 3 in Ranged Weapons
    96 | D:1      | Reached XP level 2. HP: 21/23 MP: 2/2
   152 | D:1      | Reached XP level 3. HP: 30/30 MP: 3/3
   440 | D:1      | Found a faded altar of an unknown god.
   496 | D:1      | 496 ||| UPGRADING to +0 leather armour.
   506 | D:1      | 506 ||| DROPPING +0 robe.
   507 | D:1      | 507 ||| UPGRADING to +6 ring of strength.
   508 | D:1      | 508 ||| READING 3 scrolls labelled OLU GAEJOM.
   509 | D:1      | 509 ||| READING scroll labelled VUACIE ZOKHLOUV.
   510 | D:1      | 510 ||| READING scroll labelled DINOON KAYN.
   511 | D:1      | 511 ||| DRINKING 3 sedimented black potions.
   512 | D:1      | 512 ||| READING 2 scrolls of identify.
   512 | D:1      | 512 ||| IDENTIFYING fizzy purple potion
   513 | D:1      | 513 ||| DROPPING scroll of poison.
   541 | D:2      | Reached skill level 4 in Ranged Weapons
   548 | D:2      | 548 ||| STAIRDANCE
   636 | D:2      | Reached XP level 4. HP: 37/37 MP: 4/4
   726 | D:2      | Noticed Natasha
   731 | D:2      | Killed Natasha
   917 | D:2      | Noticed Robin
   932 | D:2      | Killed Robin
   933 | D:2      | Reached skill level 5 in Ranged Weapons
  1003 | D:2      | Identified the +11 hand axe "Ukeus" {venom, rC++ Will-
                  | Int+2}
  1020 | D:2      | Found Suic's Antique Weapon Boutique.
  1020 | D:2      | Noticed Natasha
  1025 | D:2      | Killed Natasha
  1026 | D:2      | Reached skill level 3 in Fighting
  1026 | D:2      | Reached XP level 5. HP: 43/45 MP: 5/5
  1033 | D:2      | Noticed Sigmund
  1034 | D:2      | 1034 ||| SHOPLISTING runed arbalest (187 gold, have 80).
  1034 | D:2      | 1034 ||| BUYING shortbow (75 gold).
  1034 | D:2      | Bought a shortbow for 75 gold pieces
  1034 | D:2      | 1034 ||| SWAPPING to +0 shortbow.
  1041 | D:2      | 1041 ||| DROPPING +1 sling.
  1059 | D:2      | HP: 8/45 [something (8)]
  1060 | D:2      | HP: 3/45 [something (5)]
  1063 | D:2      | Mangled by Sigmund

Levels and vault maps discovered:
D:1:      wander_arrival_peaceful_grave, layout_rooms,
          shapermc_ecumenical_altar_rom_forum, minmay_octomino_c4
D:2:      layout_basic, serial_shops, nicolae_shop_tiny_statue_garden,
          kennysheep_generic_room_11, uniq_sigmund, uniq_natasha, uniq_robin

Skill      XL: |  1  2  3  4 |
---------------+-------------+-----
Ranged Weapons | 3 4 5 |  5.0
Fighting       | 2 3 |  3.5
Dodging        | |  2.1
Spellcasting   | |  1.0
Hexes          | |  2.0

Action                     |  1- 3 |  4- 6 || total
---------------------------+-------+-------++-------
   Fire: Sling             |   104 |    57 ||   161
         Shortbow          |       |    25 ||    25
    Use: Scroll            |     4 |       ||     4
         Potion            |     1 |       ||     1
 Armour: Robe              |     4 |       ||     4
         Leather armour    |       |     6 ||     6
  Dodge: Dodged            |    19 |    18 ||    37

Table legend:
 A = Non-vault XP
 B = Vault XP
 C = Vault XP percentage of total XP
 D = Non-vault monster count
 E = Vault monster count
 F = Vault count percentage of total count
                 A         B        C        D         E       F
            +---------+---------+-------+---------+---------+-------
      Total |     135 |      84 |  38.4 |      50 |      14 |  21.9
            +---------+---------+-------+---------+---------+-------
        D:1 |      61 |      22 |  26.5 |      33 |       6 |  15.4
        D:2 |      74 |      62 |  45.6 |      17 |       8 |  32.0
            +---------+---------+-------+---------+---------+-------
